 Dungeon Crawl Stone Soup version 0.29-a0-11-ga75d3d97ab (webtiles) character file.

Game seed: 1083744280735543339

787 Capylives the Cleaver (level 7, -1/59 HPs)
             Began as a Hill Orc Cinder Acolyte on Oct 9, 2021.
             Was a High Priest of Ignis.
             Succumbed to an orc's poison
             ... on level 4 of the Dungeon on Jan 28, 2022.
             The game lasted 00:19:47 (5428 turns).

Capylives the Cleaver (Hill Orc Cinder Acolyte)     Turns: 5428, Time: 00:19:48

Health: -1/59      AC:  8    Str: 17    XL:     7   Next: 87%
Magic:  10/10      EV:  6    Int: 14    God:    Ignis [*****.]
Gold:   157        SH:  0    Dex:  8    Spells: 8/10 levels left

rFire   + . .      SeeInvis .   a - -1 hand axe (flame)
rCold   . . .      Faith    .   (no shield)
rNeg    . . .      Spirit   .   n - +0 chain mail
rPois   .          Reflect  .   (no helmet)
rElec   .          Harm     .   (no cloak)
rCorr   .          Rampage  .   (no gloves)
Will    .....                   (no boots)
Stlth   ..........              (no amulet)
HPRegen 0.19/turn               (no ring)
MPRegen 0.12/turn               (no ring)

@: lethally poisoned (-1 -> -14)
A: no striking features
a: Renounce Religion, Fiery Armour, Foxfire Swarm


You were on level 4 of the Dungeon.
You worshipped Ignis.
Ignis was extremely pleased with you.
You visited 1 branch of the dungeon, and saw 4 of its levels.

You collected 157 gold pieces.

Inventory:

Hand Weapons
 a - a -1 hand axe of flaming (weapon)
 e - a +2 dagger of venom
 o - a +0 war axe
Armour
 b - a +0 robe
 n - a +0 chain mail (worn)
Scrolls
 d - a scroll of brand weapon
 g - a scroll of identify
 h - a scroll of noise
 i - a scroll of teleportation
Potions
 c - a potion of magic
 f - a potion of curing
 j - a potion of ambrosia
 k - 2 potions of berserk rage
 l - a potion of haste
 m - a potion of flight {unknown}


   Skills:
 - Level 4.0 Fighting
 + Level 10.1 Axes
 - Level 2.0 Spellcasting
 + Level 5.1 Fire Magic


You had 8 spell levels left.
You knew the following spells:

 Your Spells              Type           Power      Damage    Failure   Level
a - Scorch                Fire           30%        2d7       63%         2

Your spell library contained the following spells:

 Spells                   Type           Power      Damage    Failure   Level
 Gell's Gravitas          Tloc           1%         N/A       100%        3
 Lesser Beckoning         Tloc           1%         N/A       100%        3
 Teleport Other           Tloc           1%         N/A       100%        3


Dungeon Overview and Level Annotations

Branches:
Dungeon (4/15)
 Temple: D:4-7

Altars:
Kikubaaqudgha
Sif Muna


Message History

You are more poisoned.
You hit the gnoll. You burn the gnoll.
You kill the gnoll!
You feel sick.
You feel sick.
Things that are here:
a +1 flail of venom; 11 gold pieces; a gnoll corpse You feel sick.
You feel sick.
An orc comes into view. It is wielding a +0 club.
The orc shouts!
You hit the orc but do no damage.
You feel sick.
The orc hits you with a +2 dagger of venom.
* * * LOW HITPOINT WARNING * * *
You are more poisoned.
You hit the orc but do no damage.
* * * LOW HITPOINT WARNING * * *
You feel very sick. The orc hits you but does no damage.
You barely miss the orc.
* * * LOW HITPOINT WARNING * * *
You feel sick.
The orc hits you with a +2 dagger of venom.
* * * LOW HITPOINT WARNING * * *
You hit the orc but do no damage.
* * * LOW HITPOINT WARNING * * *
You feel sick.
You hit the orc but do no damage.
* * * LOW HITPOINT WARNING * * *
You feel sick. The orc barely misses you.
You hit the orc. You burn the orc.
The orc is heavily wounded.
* * * LOW HITPOINT WARNING * * *
You feel sick.
The orc hits you with a +2 dagger of venom.
* * * LOW HITPOINT WARNING * * *
You are more poisoned.
You hit the orc but do no damage.
The orc is heavily wounded.
You die...

##. .. ##### #. #..<# #
#.#####.####
#.####...g.gg...#
........######### #
..............######## #
[.............#......###
.$...oo@......#......#..
........).....#......#.#
..............#......#.#
........|.....#.........
..............#........#
...>.........)).........
########......>........#
#..............(#
#............))..


You could see 2 orcs.

Vanquished Creatures
  Sigmund (D:2)
  A black bear (D:3)
  2 ogres
  A scorpion (D:4)
  A water moccasin skeleton (D:4)
  2 orc priests
  A gnoll shaman (D:3)
  An iguana (D:4)
  4 gnolls (D:4)
  2 adders
  2 worms (D:4)
  2 dart slugs
  7 orcs
  6 endoplasms
  4 giant cockroaches
  3 hobgoblins
  3 jackals
  6 quokkas
  11 ball pythons
  8 bats
  5 frilled lizards
  13 goblins
  3 kobolds
  7 rats
96 creatures vanquished.

Vanquished Creatures (others)
  28 foxfires
28 creatures vanquished.

Grand Total: 124 creatures vanquished

Notes
Turn   | Place    | Note
-------+----------+-------------------------------------------
     0 | D:1      | Capylives the Hill Orc Cinder Acolyte began the quest for
                  | the Orb.
     0 | D:1      | Reached XP level 1. HP: 19/19 MP: 2/2
    31 | D:1      | You fall into a shaft and drop 1 floor!
   275 | D:1      | Reached XP level 2. HP: 26/27 MP: 3/3
   453 | D:1      | Learned a level 2 spell: Scorch
   700 | D:1      | Reached XP level 3. HP: 33/33 MP: 1/4
  1389 | D:2      | Noticed Sigmund
  1501 | D:3      | Noticed a black bear
  1505 | D:3      | Killed a black bear
  1506 | D:3      | Reached skill level 5 in Axes
  1506 | D:3      | Reached XP level 4. HP: 40/40 MP: 4/7
  1506 | D:3      | Reached XP level 5. HP: 46/46 MP: 4/8
  1563 | D:3      | Reached skill level 6 in Axes
  2212 | D:3      | Found a faded altar of an unknown god.
  2431 | D:3      | Found a shimmering blue altar of Sif Muna.
  2431 | D:3      | Found an ancient bone altar of Kikubaaqudgha.
  3058 | D:4      | Reached skill level 7 in Axes
  3418 | D:4      | Reached XP level 6. HP: 29/52 MP: 0/9
  3418 | D:4      | Upgraded the game from 0.28-a0-631-g0446da8ef9 to
                  | 0.28-a0-653-g7e9dba17c3
  3740 | D:4      | Reached skill level 8 in Axes
  4271 | D:2      | Killed Sigmund
  4272 | D:2      | Reached skill level 9 in Axes
  4272 | D:2      | Reached XP level 7. HP: 59/59 MP: 10/10
  4774 | D:4      | Upgraded the game from 0.28-a0-653-g7e9dba17c3 to
                  | 0.29-a0-11-ga75d3d97ab
  5263 | D:4      | Reached skill level 10 in Axes
  5288 | D:4      | Reached skill level 5 in Fire Magic
  5427 | D:4      | HP: 2/59 [orc (2)]
  5428 | D:4      | Succumbed to an orc's poison

Illustrated notes

Levels and vault maps discovered:
D:1:      amcnicky_arrival_abandoned_market, layout_rooms,
          kennysheep_minor_cross
D:2:      layout_basic, minmay_indecisive_spiral, uniq_sigmund
D:3:      kennysheep_the_goblin_king, layout_basic,
          amethyst_overflow_temple_binary,
          hellmonk_ecumenical_altar_inner_sanctum
D:4:      minmay_chambers_of_twos, layout_basic

Skill      XL: |  1  2  3  4  5  6  7 |
---------------+----------------------+-----
Fighting       | 4 |  4.0
Fire Magic     | 4 5 |  5.1
Axes           | 5 7 9 10 | 10.1
Spellcasting   | 2 |  2.0

Action                   |  1- 3 |  4- 6 |  7- 9 || total
-------------------------+-------+-------+-------++-------
Melee: Hand axe          |    90 |   112 |   109 ||   311
       Punch             |       |       |     1 ||     1
 Cast: Scorch            |     4 |    21 |       ||    25
Invok: Foxfire Swarm     |     1 |     1 |       ||     2
       Rising Flame      |       |       |     1 ||     1
  Use: Scroll            |       |       |     7 ||     7
 Stab: Sleeping          |       |       |     2 ||     2
Armor: Robe              |    20 |    19 |       ||    39
       Chain mail        |       |       |    26 ||    26
Dodge: Dodged            |    66 |    65 |    22 ||   153

Table legend: (Time is in decaauts)
 A = Elapsed time spent in this place.
 B = Non-inter-level travel time spent in this place.
 C = Inter-level travel time spent in this place.
 D = Time resting spent in this place.
 E = Time spent auto-exploring this place.
 F = Levels seen in this place.
 G = Mean time per level.
                   A        B        C        D        E       F      G
               +--------+--------+--------+--------+--------+-----+--------+
         Total |   5421 |   5171 |    250 |    903 |   3213 |   4 | 1355.2 |
       Dungeon |   5421 |   5171 |    250 |    903 |   3213 |   4 | 1355.2 |
               +--------+--------+--------+--------+--------+-----+--------+

Top non-repeatable levels by time:
     D:3: 2218 daAuts
     D:1: 1116 daAuts
     D:4: 1067 daAuts
     D:2: 1019 daAuts
